Map: Lerilak Crest

Players

capac

  • Race: Terran Terran
  • League: Gold

Bruce - Winner!

  • Race: Terran Terran
  • League: Gold

VOD

Have the link to the VOD?

Description

Time

  • Played on: March 16, 2016, 4:59 p.m.
  • Length: 10:22
Show
View Real Time Build Order
Export as new Build Order

capac Terran 

Build Orders:  

Get SALT Encoding   

  12  0:00  SCV  
  13  0:12  SCV  
  14  0:17  Supply Depot  
  14  0:25  SCV  
  15  0:39  SCV  
  15  0:40  Barracks  
  16  0:45  Refinery  
  16  0:51  SCV  
  17  1:03  SCV  
  18  1:15  SCV  
  19  1:27  SCV  
  19  1:29  Reaper  
  21  1:36  Command Center  
  21  1:40  SCV  
  23  1:54  Orbital Command  
  22  2:02  Barracks Reactor  
  22  2:15  Supply Depot, Barracks  
  22  2:40  Marine  
  22  2:41  Marine  
  22  2:53  Factory  
  22  2:58  Barracks  
  22  3:06  Barracks Tech Lab  
  22  3:11  Refinery  
  22  3:12  Marine  
  22  3:13  Marine  
  22  3:17  Orbital Command  
  24  3:22  Bunker  
  24  3:26  SCV  
  25  3:32  Marine x2  
  27  3:38  SCV  
  27  3:41  Factory Tech Lab  
  28  3:42  Marine  
  28  3:46  SCV  
  30  3:58  SCV  
  30  4:00  SCV  
  30  4:02  Siege Tank, Barracks Reactor  
  35  4:05  Engineering Bay  
  35  4:10  SCV  
  35  4:11  Supply Depot  
  35  4:12  SCV  
  37  4:20  Starport  
  37  4:23  SCV  
  37  4:24  SCV  
  28  4:57  Marine x3  
  28  5:07  Marine x2, Missile Turret  
  30  5:15  Marine x2  
  31  5:25  Marine  
  27  5:39  Marine x2  
  27  5:41  SCV  
  24  5:54  Refinery  
  24  5:59  Marine  
  24  6:00  Marine x3  
  27  6:04  Missile Turret  
  26  6:22  SCV x2  
  28  6:26  Marine x4  
  28  6:29  Refinery, Missile Turret  
  28  6:31  Supply Depot  
  32  6:43  SCV  
  32  6:44  SCV  
  34  6:53  Starport  
  32  7:22  Marine x2  
  34  7:24  Siege Tank  
  34  7:27  Liberator  
  34  7:46  Barracks  
  35  8:09  Siege Tank  
  38  8:18  Marine x4  
  34  8:36  Liberator  
  29  8:46  SCV x2  
  31  8:51  Barracks Reactor  
  31  8:52  Siege Tank  
  37  8:58  SCV x2  
  39  9:06  Marine x2  
  41  9:10  SCV  
  42  9:20  Marine x3  
  45  9:26  Marine  
  45  9:27  Marine  
  45  9:30  SCV  
  48  9:33  SCV  
  48  9:38  Marine  
  49  9:42  SCV  
  49  9:43  Starport Reactor  
Show
View Real Time Build Order
Export as new Build Order

Bruce Terran - Winner!

Build Orders: Mech, Banshee Rush 

Get SALT Encoding   

  12  0:01  SCV  
  13  0:13  SCV  
  14  0:17  Supply Depot  
  14  0:25  SCV  
  15  0:39  SCV  
  15  0:40  Barracks  
  16  0:47  Refinery  
  16  0:51  SCV  
  17  1:02  Supply Depot  
  17  1:03  SCV  
  18  1:15  SCV  
  19  1:31  Marine  
  20  1:32  Orbital Command  
  20  1:49  Factory  
  20  1:50  Refinery  
  20  1:51  Marine  
  21  1:59  SCV  
  22  2:10  Marine  
  22  2:12  SCV  
  24  2:28  SCV  
  25  2:30  Marine  
  25  2:35  Starport  
  25  2:36  Factory Tech Lab  
  26  2:43  SCV  
  27  2:53  Barracks Reactor  
  27  2:54  Supply Depot  
  27  2:55  SCV  
  28  3:00  Siege Tank  
  31  3:15  Medivac  
  31  3:16  Supply Depot  
  34  3:22  SCV  
  34  3:25  Command Center  
  34  3:30  Marine x2  
  36  3:42  Factory Tech Lab  
  36  3:54  Banshee  
  39  3:55  Cloaking Field  
  39  3:58  Supply Depot  
  39  3:59  SCV  
  39  4:02  Marine x2  
  42  4:11  SCV  
  43  4:25  Liberator  
  43  4:42  Marine  
  43  4:43  Marine  
  44  5:06  Marine x2  
  44  5:07  Siege Tank  
  46  5:45  SCV  
  44  5:53  Barracks  
  44  5:57  Barracks  
  44  6:21  Marine x2  
  44  6:22  Siege Tank, Banshee  
  49  6:32  Starport, Factory, Orbital Command  
  49  6:33  SCV  
  49  6:34  Factory  
  49  6:39  Marine x2  
  52  6:44  Barracks Reactor  
  52  6:45  Barracks Tech Lab  
  52  7:06  Marine  
  52  7:07  Marine  
  52  7:12  Starport Reactor, Banshee  
  52  7:14  Marine  
  56  7:16  SCV x2  
  58  7:33  Marine x4  
  58  7:34  Factory Reactor  
  62  7:40  Marine  
  63  7:47  SCV x2, Stimpack  
  63  7:50  Factory Tech Lab  
  65  7:53  Command Center  
  64  8:02  Marine x2  
  64  8:03  Marine x3  
  69  8:08  SCV x2  
  69  8:12  Siege Tank  
  71  8:13  Supply Depot  
  69  8:24  Marine x5  
  73  8:45  SCV x2  
  73  8:47  Viking x2  
  73  8:48  Marine x4  
  79  8:49  Marine  
  79  8:53  Widow Mine  
  86  8:59  Refinery  
  86  9:00  Refinery  
  86  9:01  Supply Depot  
  86  9:02  Supply Depot  
  86  9:04  Widow Mine  
  86  9:05  SCV x2  
  90  9:15  Siege Tank  
  93  9:22  SCV x2  
  95  9:31  SCV  
  96  9:34  Engineering Bay  
  96  9:50  Refinery  
  96  9:55  Refinery  
Tags
 
Composition
Mech
League
GoldGold
Matchup
TvT
Race
Terran
Strategy
Banshee Rush
Add a new tag
Caveats
  • Supply blocks, unpowered buildings, or Contaminate may cause inaccurate times.
  • Supply counts are checked every 10 seconds.